 Dungeon Crawl Stone Soup version bcrawl-1.21 (webtiles) character file.

Game seed: 7130646472835967147

123 Freyura the Twirler (level 4, -2/34 HPs)
             Began as a Demonspawn Gladiator on Feb 15, 2020.
             Succumbed to an orc's poison
             ... on level 2 of the Dungeon.
             The game lasted 00:03:30 (1927 turns).

Freyura the Twirler (Demonspawn Gladiator)          Turns: 1927, Time: 00:03:31

Health: -2/34      AC:  8    Str: 14    XL:     4   Next: 79%
Magic:  4/4        EV: 12    Int: 10    God:
Gold:   182        SH:  0    Dex: 15    Spells: 3/3 levels left

rFire    . . .     SeeInvis .   a - +0 quarterstaff
rCold    . . .     Gourm    .   (shield currently unavailable)
rNeg     . . .     Faith    .   g - +0 ring mail
rPois    .         Spirit   .   c - +0 helmet
rElec    .         Reflect  .   n - +1 cloak
rCorr    .         Harm     .   (no gloves)
MR       .....                  (no boots)
Stlth    +.........             (no amulet)
HPRegen  0.11/turn              (no ring)
MPRegen  0.09/turn              (no ring)

@: lethally poisoned (-2 -> -37)
A: claws 1, powered by pain 2
a: no special abilities


You were on level 2 of the Dungeon.
You were hungry.

You visited 1 branch of the dungeon, and saw 2 of its levels.

You collected 182 gold pieces.

Inventory:

Hand Weapons
 a - a +0 quarterstaff (weapon)
Missiles
 d - 3 throwing nets (quivered) {!f}
Armour
 b - a +0 leather armour
 c - a +0 helmet (worn)
 g - a +0 ring mail (worn)
 n - a +1 cloak (worn)
Scrolls
 f - 2 scrolls of immolation {unknown}
 h - 2 scrolls of identify {unknown}
 i - a scroll of magic mapping {unknown}
 l - a scroll of remove curse {unknown}
 m - a scroll of blinking {unknown}
 p - a scroll of fog {unknown}
Potions
 j - a potion of mutation {unknown}
 k - a potion of magic {unknown}
 o - a potion of berserk rage {unknown}
Comestibles
 e - 3 rations {!d}


   Skills:
 + Level 2.8 Fighting
 * Level 3.8 Staves
 - Level 1.7 Throwing
 + Level 1.5 Armour
 + Level 3.3 Dodging


You had 3 spell levels left.
You didn't know any spells.
Your spell library was empty.

Dungeon Overview and Level Annotations

Branches:
Dungeon (2/12)

Altars:
Kikubaaqudgha


Innate Abilities, Weirdness & Mutations

You have sharp fingernails.
You sometimes gain power by taking damage.


Message History

The goblin is severely wounded.
* * * LOW HITPOINT WARNING * * *
You feel very sick. The goblin hits you but does no damage.
The orc hits you with a +0 trident of venom.
* * * LOW HITPOINT WARNING * * *
You are more poisoned.
You hit the goblin.
You kill the goblin!
* * * LOW HITPOINT WARNING * * *
You feel very sick.
A bat comes into view.
The orc misses you.
* * * LOW HITPOINT WARNING * * *
You feel very sick.
Things that are here:
a +0 hunting sling; 174 stones; a +0 short sword You hit the orc.
The orc is severely wounded.
You die...

....#. ...##. #.#
..... #. .... ####.#
.#.. ....... #.....
.# ...#.#....# #.##.#
... ..b......# #....#
#$..##......g #.####
..##......# #.####
#...#.o#### #.....
#...@)..# #.####
.....#####.########.#
#.##.#####.#.....##.#
# ...........#..##.#
#.#####.#........#
...#.###.####
#####.....# #######


You could see an orc and a bat.

Vanquished Creatures
  Terence (D:2)
  An adder (D:2)
  3 oozes (D:2)
  2 worms (D:2)
  A dart slug (D:2)
  3 leopard geckos
  4 giant cockroaches
  4 goblins
  8 hobgoblins
  11 jackals (D:2)
  7 kobolds
  A quokka (D:2)
  4 bats (D:1)
  2 frilled lizards (D:1)
  6 rats
58 creatures vanquished.

Notes
Turn   | Place    | Note
-------+----------+-------------------------------------------
     0 | D:1      | Freyura the Demonspawn Gladiator began the quest for the
                  | Orb.
     0 | D:1      | Reached XP level 1. HP: 16/16 MP: 1/1
   174 | D:1      | Gained mutation: You sometimes gain a little power by
                  | taking damage. [demonic ancestry]
   174 | D:1      | Reached XP level 2. HP: 22/22 MP: 2/2
   799 | D:2      | Gained mutation: You sometimes gain power by taking damage.
                  | [demonic ancestry]
   799 | D:2      | Reached XP level 3. HP: 24/28 MP: 3/3
   823 | D:2      | Reached skill level 1 in Armour
  1143 | D:2      | Noticed Terence
  1155 | D:2      | Killed Terence
  1155 | D:2      | Gained mutation: You have sharp fingernails. [demonic
                  | ancestry]
  1155 | D:2      | Reached XP level 4. HP: 7/34 MP: 4/4
  1809 | D:2      | Found an ancient bone altar of Kikubaaqudgha.
  1926 | D:2      | HP: 1/34 [poisoned by an orc]
  1927 | D:2      | Succumbed to an orc's poison

Skill      XL: |  1  2  3 |
---------------+----------+-----
Staves         | 3 |  3.8
Dodging        | 3 |  3.3
Armour         | 1 |  1.5
Fighting       | |  2.8
Throwing       | |  1.7

Action                   |  1- 3 |  4- 6 || total
-------------------------+-------+-------++-------
Melee: Quarterstaff      |   139 |    64 ||   203
  Eat: Chunk             |     1 |     2 ||     3
Armor: Leather armour    |     9 |       ||     9
       Ring mail         |    70 |    21 ||    91
Dodge: Dodged            |   137 |    59 ||   196
